 Dungeon Crawl Stone Soup version 0.24.0-123-gd5b16e6ec5 (webtiles) character file.

Game seed: 8364528996953727711, levelgen mode: deterministic

73728 Norian the Eclecticist (level 15, -6/80 HPs)
             Began as a Deep Elf Conjurer on Dec 26, 2019.
             Was the Champion of Vehumet.
             Mangled by Donald
             ... wielding a +1 demon trident of venom
              (8 damage)
             ... on level 1 of the Spider Nest.
             The game lasted 01:28:37 (25595 turns).

Norian the Eclecticist (Deep Elf Conjurer)         Turns: 25595, Time: 01:28:38

Health: -6/80      AC:  8    Str:  9    XL:     15   Next: 4%
Magic:  19/46      EV: 15    Int: 23    God:    Vehumet [******]
Gold:   1975       SH:  0    Dex: 18    Spells: 8/46 levels left

rFire    . . .     SeeInvis .   X - +9 longbow of Virtue {flame, rPois rC+}
rCold    + . .     Gourm    .   (shield currently unavailable)
rNeg     . . .     Faith    .   f - +1 leather armour of the Republic {+Blink rElec Regen+ Dex+3}
rPois    +         Spirit   .   n - +0 helmet
rElec    +         Reflect  .   a - scarf {repulsion}
rCorr    .         Harm     .   p - +0 pair of gloves
MR       ++...                  k - +0 pair of boots
Stlth    ++........             W - amulet of the acrobat
HPRegen  1.63/turn              P - ring of magical power
MPRegen  0.30/turn              u - ring of protection from magic

@: lethally poisoned (-6 -> -7), regenerating, repel missiles
A: no striking features
a: Renounce Religion, Evoke Blink


You were on level 1 of the Spider Nest.
You worshipped Vehumet.
Vehumet was exalted by your worship.
You were very hungry.

You visited 5 branches of the dungeon, and saw 22 of its levels.
You also visited: Bailey.

You collected 2258 gold pieces.
You spent 283 gold pieces at shops.

Inventory:

Hand Weapons
 X - the +9 longbow of Virtue (weapon) {flame, rPois rC+}
   (You found it on level 11 of the Dungeon)

   It causes projectiles fired from it to burn those they strike, causing extra
   injury to most foes and up to half again as much damage against particularly
   susceptible opponents.
   It protects you from cold.
   It protects you from poison.
Missiles
 Y - 24 poisoned darts
 Z - 289 arrows (quivered)
Armour
 a - a scarf of repulsion (worn)
 f - the +1 leather armour of the Republic (worn) {+Blink rElec Regen+ Dex+3}
   (You found it on level 7 of the Dungeon)

   It affects your dexterity (+3).
   It insulates you from electricity.
   It lets you blink.
   It increases your rate of regeneration.
 i - a +0 buckler
 k - a +0 pair of boots (worn)
 n - a +0 helmet (worn)
 p - a +0 pair of gloves (worn)
Jewellery
 s - an uncursed ring of flight
 u - a ring of protection from magic (right hand)
 v - an uncursed ring of protection from magic
 x - an uncursed ring of positive energy
 G - a +4 ring of strength
 P - a ring of magical power (left hand)
 S - an uncursed ring of protection from fire
 W - an amulet of the acrobat (around neck)
Wands
 d - a wand of enslavement (8)
 A - a wand of paralysis (26)
 B - a wand of digging (12)
 H - a wand of iceblast (3)
 K - a wand of flame (25)
 N - a wand of scattershot (4)
 Q - a wand of disintegration (14)
Scrolls
 b - 8 scrolls of remove curse
 e - 3 scrolls of silence {unknown}
 m - 5 scrolls of enchant armour
 q - 4 scrolls of fog
 w - 9 scrolls of identify
 y - 5 scrolls of amnesia
 D - a scroll of magic mapping
 F - 10 scrolls of teleportation
 M - a scroll of enchant weapon
 V - 2 scrolls of fear
Potions
 g - 6 potions of brilliance
 h - a potion of cancellation
 j - 6 potions of curing
 l - a potion of lignification
 o - 4 potions of flight
 t - 2 potions of magic
 z - 3 potions of haste
 E - 6 potions of might
 I - a potion of heal wounds
 J - 5 potions of invisibility
Comestibles
 c - 27 rations


   Skills:
 - Level 4.0 Fighting
 - Level 2.1 Bows
 - Level 4.0 Armour
 - Level 5.1 Dodging
 - Level 2.4 Stealth
 - Level 4.0 Shields
 - Level 16.0 Spellcasting
 + Level 14.7 Conjurations
 - Level 7.1 Hexes
 - Level 8.0 Charms
 - Level 10.1 Summonings
 - Level 9.0 Necromancy
 - Level 5.0 Fire Magic
 + Level 4.4 Ice Magic
 + Level 4.0 Air Magic
 - Level 5.0 Earth Magic
 - Level 5.3 Evocations


You had 8 spell levels left.
You knew the following spells:

 Your Spells              Type           Power        Failure   Level  Hunger
a - Magic Dart            Conj           ####         0%          1    None
b - Iskenderun's Mystic   Conj           ######..     1%          4    None
c - Fulminant Prism       Conj/Hex       ######....   1%          4    None
d - Regeneration          Chrm/Necr      ######....   1%          3    None
e - Vampiric Draining     Necr           ######....   1%          3    None
f - Iskenderun's Battles  Conj/Chrm      ######..     1%          5    ##.....
g - Bolt of Magma         Conj/Fire/Erth ######....   1%          5    ##.....
h - Spellforged Servitor  Conj/Summ      ######....   6%          7    ######.
i - Freezing Cloud        Conj/Ice/Air   ######....   7%          6    ####...

Your spell library contained the following spells:

 Spells                   Type           Power        Failure   Level  Hunger
 Irradiate                Conj/Tmut      ######....   1%          5    ##.....
 Searing Ray              Conj           ######       0%          2    None
 Animate Skeleton         Necr           N/A          1%          1    None
 Confusing Touch          Hex            ######       1%          1    None
 Pain                     Necr           ####         1%          1    None
 Summon Small Mammal      Summ           ####         1%          1    None
 Call Imp                 Summ           ######..     1%          2    None
 Call Canine Familiar     Summ           ######..     1%          3    None
 Confuse                  Hex            ######..     1%          3    None
 Conjure Flame            Conj/Fire      ######..     1%          3    None
 Dazzling Spray           Conj/Hex       ######       1%          3    None
 Mephitic Cloud           Conj/Pois/Air  #####...     1%          3    None
 Summon Guardian Golem    Hex/Summ       ######..     1%          3    None
 Animate Dead             Necr           N/A          1%          4    None
 Force Lance              Conj/Tloc      ######..     1%          4    None
 Summon Ice Beast         Ice/Summ       ######..     1%          4    None
 Venom Bolt               Conj/Pois      ######....   1%          5    ##.....
 Poisonous Vapours        Pois/Air       ####..       2%          2    None
 Summon Lightning Spire   Summ/Air       ######..     2%          4    None
 Orb of Destruction       Conj           ######....   2%          7    ######.
 Iron Shot                Conj/Erth      ######....   3%          6    ####...
 Apportation              Tloc           ###...       4%          1    None
 Beastly Appendage        Tmut           ###...       4%          1    None
 Sticks to Snakes         Tmut           ###.....     6%          2    None
 Yara's Violent Unravell  Hex/Tmut       ####......   7%          5    ##.....
 Metabolic Englaciation   Hex/Ice        #####.....   11%         5    ##.....
 Gell's Gravitas          Tloc           ###.......   12%         3    None
 Spider Form              Tmut/Pois      ###.......   12%         3    None
 Petrify                  Tmut/Erth      ####....     14%         4    None
 Ice Form                 Ice/Tmut       ####....     17%         4    None
 Blade Hands              Tmut           ###.......   75%         5    ##.....
 Ring of Flames           Chrm/Fire      #####.....   94%         7    ######.


Dungeon Overview and Level Annotations

Branches:
Dungeon (12/15)            Temple (0/1) D:5            Lair (6/6) D:8
  Swamp (1/4) Lair:3       Spider (1/4) Lair:4        Slime (0/5) Lair:6
    Orc (2/2) D:9             Elf (0/3) Orc:2        Bailey (visited)

Altars:
Ashenzari
Fedhas
Gozag
Makhleb
Trog
Vehumet
Xom
The Shining One
Beogh
Lugonu

Shops:
D:4 }*   Orc:1 !   Orc:2 [}(([

Annotations:
D:7 1 transporter
Spider:1 Donald


Message History

Confirm with . or Enter, or press ? or * to list all spells.
Okay, then.
Casting: Bolt of Magma (safe; 1% risk of failure)
Confirm with . or Enter, or press ? or * to list all spells.
Your skin crawls.
Your spellforged servitor hums quietly as it recharges.
Donald hits you from afar with a +1 demon trident of venom!!!
Ouch! That really hurt!
* * * LOW HITPOINT WARNING * * *
You are poisoned.
The demonic crawler hits your spellforged servitor!
Your spellforged servitor is destroyed!
The demonic crawler gives a hideous shriek!
You hear a hideous shriek!
You feel much better.
You feel sick.
Donald hits you from afar with a +1 demon trident of venom!!
* * * LOW HITPOINT WARNING * * *
A redback comes into view.
Donald hits you from afar with a +1 demon trident of venom!
You die...

# .........# ..
......... .. .........
.# ### #.......# .#
###.###........ .
######..*..#.s......
#..#.......s........
###
##..........@.##.....
..#####.........@...#
....
..##..#..#........###
... ..##.........†....#
.. .##^................
. †........†...†.......
.....................
...##.................
..###.#..........s.....
...####...........


You could see Donald, 2 demonic crawlers, a redback and a friendly battlesphere.

Vanquished Creatures
  An orc warlord (Orc:1)
  An entropy weaver (Spider:1)
  Snorg (Lair:6)
  Harold (D:7)
  Erolcha (Orc:1)
  8 hydras
  3 catoblepae
  A two-headed ogre (D:10)
  An alligator (Lair:3)
  10 death yaks (Lair:6)
  Urug (D:11)
  An unseen horror (D:12)
  4 lindwurms (D:11)
  4 orc knights (Orc:2)
  A deep elf archer (Bailey)
  The ghost of Tartanist the Gusty, a novice TeAE of Wu Jian (D:7)
  9 deep elf magi (Bailey)
  Pikel (D:6)
  An orc sorcerer (Orc:2)
  2 ugly things
  A slime creature (Lair:3)
  3 manticores
  A moth of wrath (Spider:1)
  A wolf spider (Spider:1)
  5 elephants (Lair:5)
  Maurice (Orc:1)
  An eye of devastation (Lair:6)
  A gargoyle (D:10)
  A black mamba (Lair:5)
  Psyche (D:8)
  6 spiny frogs
  7 komodo dragons
  A troll (D:10)
  7 jumping spiders
  A polar bear (Lair:5)
  A hornet (Spider:1)
  2 dream sheep (D:9)
  Prince Ribbit (D:6)
  13 blink frogs
  The ghost of Bergy the Cudgeler, an amateur GrFi (D:4)
  4 hippogriffs
  12 redbacks
  A tarantella (Spider:1)
  A wraith (D:11)
  41 yaks
  6 vampire mosquitoes
  10 wargs
  Edmund (D:6)
  4 water moccasins
  8 porcupines
  Duvessa (D:4)
  29 orc warriors
  3 sky beasts
  5 ice beasts
  2 eyes of draining
  2 necrophages (D:11)
  4 ogres
  A phantom (D:9)
  20 wolves
  2 black bears
  8 centaurs
  8 crocodiles
  Blork the orc (D:6)
  3 big kobolds (D:9)
  8 bullfrogs
  3 wyvern skeletons
  5 scorpions
  Dowan (D:4)
  9 killer bees
  3 wights (D:10)
  5 howler monkeys
  3 electric eels
  7 crimson imps
  2 centaur zombies
  3 centaur skeletons
  2 jellies (D:11)
  2 bullfrog skeletons
  5 bullfrog zombies
  9 orc priests
  7 hounds
  17 orc wizards
  Ijyb (D:4)
  An iguana (D:8)
  6 worker ants
  A killer bee zombie (D:10)
  A hound zombie (D:5)
  A worker ant zombie (D:9)
  Robin (D:2)
  4 gnolls (D:8)
  12 adders
  A shadow imp (D:11)
  3 oozes
  2 adder zombies
  2 adder skeletons (D:7)
  2 worms
  2 dart slugs
  4 leopard geckos
  104 orcs
  4 bats
  4 giant cockroaches
  15 goblins
  12 hobgoblins
  12 jackals
  7 kobolds
  A quokka (D:7)
  2 ball pythons
  4 frilled lizards
  A jackal skeleton (D:4)
  2 quokka skeletons (D:5)
  A quokka zombie (D:9)
  8 rats
  A fungus (Lair:3)
599 creatures vanquished.

Vanquished Creatures (collateral kills)
  An orc warlord (Orc:1)
  A catoblepas (Lair:6)
  A dancing weapon (D:9)
  3 death yaks (Lair:6)
  The ghost of teukkam the Skirmisher, a novice MiFi of Hepliaklqana (D:9)
  An orc high priest (Orc:1)
  5 orc knights
  An orc sorcerer (Orc:1)
  A troll (Orc:2)
  A yak (Lair:6)
  2 wargs
  16 orc warriors
  3 ogres (Orc:2)
  4 orc priests
  4 orc wizards (Orc:1)
  15 orcs
  A fulminant prism (Orc:1)
  A fungus (Lair:3)
62 creatures vanquished.

Vanquished Creatures (others)
  A slave (D:6)
  2 orcs (D:6)
  62 fulminant prisms
  5 fungi
  15 plants
85 creatures vanquished.

Grand Total: 746 creatures vanquished

Notes
Turn   | Place    | Note
-------+----------+-------------------------------------------
     0 | D:1      | Norian the Deep Elf Conjurer began the quest for the Orb.
     0 | D:1      | Reached XP level 1. HP: 10/10 MP: 6/6
   338 | D:1      | Reached XP level 2. HP: 15/15 MP: 2/8
   702 | D:1      | Reached skill level 4 in Spellcasting
   939 | D:2      | Reached skill level 5 in Conjurations
   939 | D:2      | Reached XP level 3. HP: 19/19 MP: 8/10
   964 | D:2      | Noticed Robin
  1445 | D:2      | Found a glowing golden altar of the Shining One.
  1526 | D:2      | Reached XP level 4. HP: 24/24 MP: 6/12
  1532 | D:2      | Learned a level 4 spell: Iskenderun's Mystic Blast
  1537 | D:2      | Learned a level 4 spell: Fulminant Prism
  1842 | D:2      | Killed Robin
  1842 | D:2      | Reached skill level 5 in Spellcasting
  2091 | D:3      | Reached XP level 5. HP: 25/28 MP: 1/14
  2387 | D:3      | Learned a level 3 spell: Regeneration
  2819 | D:3      | Reached skill level 1 in Hexes
  2919 | D:3      | Found a radiant altar of Vehumet.
  2925 | D:3      | Became a worshipper of Vehumet
  3091 | D:4      | Reached skill level 6 in Spellcasting
  3159 | D:4      | Noticed Ijyb
  3163 | D:4      | Killed Ijyb
  3163 | D:4      | Reached XP level 6. HP: 30/32 MP: 7/17
  3215 | D:4      | Found Lyeq's Gadget Shop.
  3337 | D:4      | Found a runed translucent gate.
  3337 | D:4      | Found a runed translucent gate.
  3337 | D:4      | Found a runed translucent gate.
  3342 | D:4      | Noticed Bergy's ghost (amateur GrFi)
  3381 | D:4      | Noticed Dowan
  3384 | D:4      | Noticed Duvessa
  3385 | D:4      | Killed Dowan
  3402 | D:5      | Entered Level 5 of the Dungeon
  3538 | D:5      | Found a staircase to the Ecumenical Temple.
  3640 | D:5      | Reached skill level 7 in Spellcasting
  3640 | D:5      | Reached XP level 7. HP: 30/36 MP: 9/19
  3695 | D:5      | Learned a level 3 spell: Vampiric Draining
  3730 | D:5      | Noticed a yak
  3760 | D:5      | Killed a yak
  3897 | D:5      | Noticed a yak
  3905 | D:5      | Noticed a yak
  3907 | D:5      | Noticed a yak
  3908 | D:5      | Noticed a yak
  3910 | D:5      | Noticed a yak
  3912 | D:5      | Killed a yak
  3912 | D:5      | Reached skill level 5 in Hexes
  3925 | D:5      | Killed a yak
  3925 | D:5      | Reached skill level 8 in Spellcasting
  4029 | D:5      | Killed a yak
  4029 | D:5      | Reached XP level 8. HP: 31/41 MP: 4/22
  4309 | D:5      | Found a blossoming altar of Fedhas.
  4336 | D:4      | Reached skill level 1 in Charms
  4342 | D:4      | Reached skill level 1 in Necromancy
  4556 | D:4      | Found Jeryej's General Store.
  4564 | D:4      | Bought a potion of heal wounds for 65 gold pieces
  4564 | D:4      | Bought a scroll of identify for 26 gold pieces
  4604 | D:4      | Killed Duvessa
  4827 | D:4      | Killed Bergy's ghost
  4827 | D:4      | Reached skill level 9 in Spellcasting
  5129 | D:5      | Found an opulent altar of Gozag.
  5737 | D:6      | Noticed Edmund
  5742 | D:6      | Killed Edmund
  5742 | D:6      | Reached XP level 9. HP: 31/45 MP: 10/24
  5743 | D:6      | Reached * piety under Vehumet
  5743 | D:6      | Offered knowledge of Freeze by Vehumet.
  5849 | D:6      | Killed Prince Ribbit
  5969 | D:6      | Noticed Blork the orc
  5975 | D:6      | Killed Blork the orc
  6029 | D:6      | Reached skill level 5 in Charms
  6071 | D:6      | Noticed Pikel
  6080 | D:6      | Killed Pikel
  6080 | D:6      | Reached skill level 10 in Spellcasting
  6247 | D:6      | Found a radiant altar of Vehumet.
  6469 | D:6      | Reached skill level 5 in Necromancy
  6847 | D:7      | Found a shattered altar of Ashenzari.
  6874 | D:7      | Noticed Harold
  6886 | D:7      | Killed Harold
  6886 | D:7      | Reached skill level 11 in Spellcasting
  6886 | D:7      | Reached skill level 10 in Conjurations
  6886 | D:7      | Reached XP level 10. HP: 17/50 MP: 6/27
  7140 | D:7      | Noticed a brown ugly thing
  7141 | D:7      | Found a transporter.
  7142 | D:7      | Found a corrupted altar of Lugonu.
  7142 | D:7      | Noticed a red ugly thing
  7266 | D:7      | Found a runed translucent gate.
  7270 | D:7      | Reached ** piety under Vehumet
  7279 | D:7      | Found a runed translucent gate.
  7423 | D:7      | Offered knowledge of Flame Tongue by Vehumet.
  7496 | D:7      | Found a runed translucent gate.
  7503 | D:7      | Noticed Tartanist's ghost (novice TeAE)
  7507 | D:7      | Found a roughly hewn altar of Beogh.
  7756 | D:8      | Noticed a purple ugly thing
  7766 | D:8      | Killed a purple ugly thing
  8053 | D:8      | Learned a level 5 spell: Iskenderun's Battlesphere
  8548 | D:8      | Offered knowledge of Throw Flame by Vehumet.
  8732 | D:8      | Found a staircase to the Lair.
  8748 | D:9      | Found a staircase to the Orcish Mines.
  8748 | D:9      | Noticed Psyche
  8757 | D:8      | Killed Psyche
  8961 | D:9      | Found a runed translucent door.
  8962 | D:9      | Found a shimmering altar of Xom.
  8962 | D:9      | Noticed teukkam's ghost (novice MiFi)
  8963 | D:9      | Noticed a +2 trident of chaos
  9166 | D:9      | Reached *** piety under Vehumet
  9281 | D:9      | Reached skill level 12 in Spellcasting
  9871 | D:9      | Noticed a two-headed hydra
  9887 | D:9      | Killed a two-headed hydra
  9887 | D:9      | Reached XP level 11. HP: 42/54 MP: 1/29
  9895 | D:9      | Offered knowledge of Airstrike by Vehumet.
 10172 | D:10     | Entered Level 10 of the Dungeon
 10792 | D:10     | Noticed a green ugly thing
 10808 | D:10     | Killed a green ugly thing
 10886 | D:10     | Reached skill level 1 in Armour
 10886 | D:10     | Reached skill level 1 in Shields
 10988 | D:10     | Noticed a two-headed ogre
 10994 | D:10     | Killed a two-headed ogre
 11051 | D:10     | Learned a level 5 spell: Bolt of Magma
 11059 | D:10     | Learned a level 7 spell: Spellforged Servitor
 11098 | D:11     | Noticed a five-headed hydra
 11158 | D:11     | Reached **** piety under Vehumet
 11165 | D:11     | Offered knowledge of Mephitic Cloud by Vehumet.
 11205 | D:11     | Killed a five-headed hydra
 11205 | D:11     | Reached skill level 13 in Spellcasting
 11394 | D:11     | Noticed Urug
 11403 | D:11     | Killed Urug
 11593 | D:11     | Noticed a seven-headed hydra
 11599 | D:11     | Killed a seven-headed hydra
 11759 | D:11     | Reached skill level 1 in Summonings
 11759 | D:11     | Reached skill level 1 in Fire Magic
 11759 | D:11     | Reached skill level 1 in Earth Magic
 11975 | D:11     | Noticed a lindwurm
 11981 | D:11     | Noticed a lindwurm
 11981 | D:11     | Noticed a lindwurm
 11982 | D:11     | Noticed a lindwurm
 11983 | D:11     | Killed a lindwurm
 12061 | D:11     | Killed a lindwurm
 12066 | D:11     | Killed a lindwurm
 12066 | D:11     | Reached XP level 12. HP: 59/59 MP: 9/31
 12450 | D:11     | Got a bone longbow
 12454 | D:11     | Identified the +9 longbow of Virtue {flame, rPois rC+} (You
                  | found it on level 11 of the Dungeon)
 13876 | D:7      | Killed Tartanist's ghost
 13912 | D:7      | Got a faintly glowing leather armour
 14002 | D:6      | Found a bloodstained altar of Trog.
 14002 | D:6      | Found a shimmering altar of Xom.
 14239 | Lair:1   | Entered Level 1 of the Lair of Beasts
 14441 | Lair:1   | Found a burning altar of Makhleb.
 14470 | Lair:1   | Reached skill level 1 in Fighting
 14701 | Lair:1   | Reached ***** piety under Vehumet
 14701 | Lair:1   | Offered knowledge of Sticky Flame by Vehumet.
 16131 | Lair:3   | Noticed a five-headed hydra
 16135 | Lair:3   | Killed a five-headed hydra
 16135 | Lair:3   | Reached skill level 5 in Fire Magic
 16208 | Lair:3   | Reached skill level 5 in Summonings
 16208 | Lair:3   | Reached skill level 5 in Earth Magic
 16486 | Lair:3   | Reached skill level 1 in Evocations
 16605 | Lair:3   | Found a staircase to the Swamp.
 17009 | Lair:4   | Found a hole to the Spider Nest.
 17124 | Lair:4   | Noticed a seven-headed hydra
 17173 | Lair:4   | Noticed a five-headed hydra
 17300 | Lair:4   | Noticed a catoblepas
 17306 | Lair:4   | Killed a catoblepas
 17442 | Lair:4   | Reached XP level 13. HP: 69/69 MP: 27/32
 17506 | Lair:4   | Identified the +1 leather armour of the Republic {+Blink
                  | rElec Regen+ Dex+3} (You found it on level 7 of the
                  | Dungeon)
 17981 | Lair:4   | Reached skill level 5 in Dodging
 18586 | Lair:5   | Reached skill level 5 in Evocations
 19092 | Lair:6   | Entered Level 6 of the Lair of Beasts
 19650 | Lair:6   | Reached skill level 14 in Spellcasting
 20009 | Lair:6   | Found a staircase to the Slime Pits.
 20129 | Lair:6   | Reached XP level 14. HP: 76/76 MP: 2/34
 20866 | Lair:6   | Noticed Snorg
 20872 | Lair:6   | Killed Snorg
 20874 | Lair:6   | Offered knowledge of Conjure Ball Lightning by Vehumet.
 20989 | Lair:6   | Reached skill level 15 in Spellcasting
 21972 | Orc:1    | Entered Level 1 of the Orcish Mines
 21972 | Orc:1    | Found a flagged portal.
 22012 | Bailey   | Entered a bailey
 22223 | Bailey   | Reached skill level 10 in Summonings
 22392 | Orc:2    | Entered Level 2 of the Orcish Mines
 22626 | Orc:1    | Reached skill level 1 in Bows
 22855 | Orc:1    | Noticed an orc warlord
 22856 | Orc:1    | Found Ticsommo's Distillery.
 22857 | Orc:1    | Noticed Maurice
 22866 | Orc:1    | Offered knowledge of Irradiate by Vehumet.
 23048 | Orc:1    | Killed Maurice
 23054 | Orc:1    | Noticed Erolcha
 23056 | Orc:1    | Learned a level 6 spell: Freezing Cloud
 23063 | Orc:1    | Killed Erolcha
 23076 | Orc:1    | Noticed an orc warlord
 23087 | Orc:1    | Reached skill level 1 in Ice Magic
 23087 | Orc:1    | Killed an orc warlord
 23087 | Orc:1    | Reached skill level 1 in Air Magic
 23111 | Orc:1    | Killed an orc warlord
 23731 | Orc:2    | Found Galameck's Gadget Boutique.
 23731 | Orc:2    | Found Mecich's Weapon Emporium.
 23831 | Orc:2    | Found a staircase to the Elven Halls.
 23891 | Orc:2    | Found Keorrahama's Armour Boutique.
 24134 | Orc:2    | Found a roughly hewn altar of Beogh.
 24272 | Orc:2    | Found a roughly hewn altar of Beogh.
 24277 | Orc:2    | Reached skill level 16 in Spellcasting
 24473 | Orc:2    | Found Muasme Beno's Weapon Boutique.
 24473 | Orc:2    | Found Hasyupeb's Armour Emporium.
 24498 | Orc:2    | Bought a scarf of repulsion for 192 gold pieces
 24521 | Orc:2    | Found a roughly hewn altar of Beogh.
 24838 | D:9      | Killed teukkam's ghost
 25103 | Swamp:1  | Entered Level 1 of the Swamp
 25114 | Lair:3   | HP: 1/76 [alligator (22)]
 25308 | Spider:1 | Entered Level 1 of the Spider Nest
 25360 | Spider:1 | Noticed an entropy weaver
 25365 | Spider:1 | Killed an entropy weaver
 25441 | Spider:1 | Reached XP level 15. HP: 80/80 MP: 37/37
 25573 | Spider:1 | Reached ****** piety under Vehumet
 25584 | Spider:1 | Noticed Donald
 25595 | Spider:1 | HP: 2/80 [Donald/+1 demon trident of venom (32)]
 25595 | Spider:1 | Mangled by Donald

Levels and vault maps discovered:
D:1:      dpeg_arrival_central, layout_basic
D:2:      layout_loops_cross, marbit_many_paths, uniq_robin
D:3:      layout_rooms, lemuel_round_altar, serial_bayou_ford_a,
          chequers_serial_rivers_micro_a, kennysheep_boxes
D:4:      layout_basic, gammafunk_ghost_necromancy, serial_shops, shop_statue,
          nicolae_shop_temple_entry_statues_fountains, uniq_duvessa, uniq_ijyb
D:5:      layout_basic, fedhas_altar_1, lemuel_round_altar,
          minmay_temple_entry_statues_fountains, first_ration
D:6:      layout_basic, nicolae_overflow_hidden_temple, vehumet_altar_wand_db,
          uniq_edmund, uniq_prince_ribbit1, uniq_blork_the_orc, uniq_pikel
D:7:      gammafunk_corrupted_shrine, layout_basic,
          nicolae_ashenzari_panopticon, biasface_ghost_orc_armoury,
          minmay_crystal_water, uniq_harold
D:8:      layout_loops_ring, lair_entry_dummy
D:9:      layout_long_grid, orc_david_3, ebering_ghost_xom, hangedman_ranch
          [blue_anna_fruit_fields], uniq_psyche
D:10:     layout_irregular_city
D:11:     layout_basic, serial_glass, glass_columns_a, glass_columns_a,
          minmay_lindwurm_lava, uniq_urug
D:12:     layout_cave_pods
Lair:1:   layout_small_grid, lemuel_centaur_altar, lemuel_fruit_tree,
          serial_bayou_shore_a, infiniplex_staircase_pool
Lair:2:   layout_long_grid
Lair:3:   layout_gridlike, minmay_swamp_entry_swarm
Lair:4:   layout_small_grid, nicolae_spider_entry_tight_spaces
Lair:5:   layout_concentric_octagons
Lair:6:   evilmike_catoblepas_cave, layout_cave_pods, minmay_slime_entry_eyes,
          minivault_26, uniq_snorg
Swamp:1:  layout_basic_swamp, nicolae_swamp_trees_clearing
Spider:1: layout_spider_delve, gammafunk_ghost_berserking_beasts, uniq_donald
Orc:1:    layout_caves, serial_shops, shop_fountains, enter_bailey_2,
          uniq_maurice, uniq_erolcha
Orc:2:    st_orc_town, layout_caves, serial_shops, shop,
          nicolae_volcano_entry_two_sided, basic_altar, mines2_david

Skill      XL: |  1  2  3  4  5  6  7  8  9 10 11 12 13 14 15 |
---------------+----------------------------------------------+-----
Spellcasting   | 4 5 6 7 8 9 11 12 13 14 16 | 16.0
Conjurations   | 5 6 7 8 10 11 12 13 14 | 14.7
Hexes          | 2 3 5 6 7 |  7.1
Charms         | 4 5 7 8 |  8.0
Necromancy     | 3 6 8 9 |  9.0
Armour         | 3 4 |  4.0
Shields        | 3 4 |  4.0
Summonings     | 2 6 8 10 | 10.1
Fire Magic     | 2 5 |  5.0
Earth Magic    | 2 5 |  5.0
Fighting       | 3 4 |  4.0
Dodging        | 4 5 |  5.1
Evocations     | 2 5 |  5.3
Bows           | 2 |  2.1
Ice Magic      | 4 |  4.4
Air Magic      | 3 4 |  4.0
Stealth        | |  2.4

Action                   |  1- 3 |  4- 6 |  7- 9 | 10-12 | 13-15 || total
-------------------------+-------+-------+-------+-------+-------++-------
Melee: Dagger            |    12 |     1 |    29 |     2 |       ||    44
       Longbow           |       |       |       |     1 |       ||     1
 Fire: Longbow           |       |       |       |     9 |    25 ||    34
 Cast: Magic Dart        |    96 |   139 |   107 |   402 |   315 ||  1059
       Iskenderun's Myst |       |     4 |    55 |   125 |   133 ||   317
       Fulminant Prism   |       |       |     9 |    16 |    38 ||    63
       Iskenderun's Batt |       |       |       |    80 |    72 ||   152
       Vampiric Draining |       |       |       |     4 |     3 ||     7
       Regeneration      |       |       |       |     2 |     2 ||     4
       Bolt of Magma     |       |       |       |     5 |    25 ||    30
       Spellforged Servi |       |       |       |       |    18 ||    18
       Freezing Cloud    |       |       |       |       |     6 ||     6
 Abil: Evoke Flight      |       |       |       |     2 |       ||     2
       Evoke Blink       |       |       |       |       |     3 ||     3
Evoke: Wand              |       |       |     6 |     6 |    20 ||    32
  Use: Scroll            |       |     3 |     1 |    13 |    10 ||    27
       Potion            |       |       |       |     7 |     8 ||    15
  Eat: Chunk             |     1 |     6 |     8 |    27 |    21 ||    63
       Ration            |       |       |     2 |     5 |     5 ||    12
Armor: Robe              |     7 |     4 |    16 |    10 |       ||    37
       Troll leather arm |       |       |       |    33 |       ||    33
       Leather armour    |       |       |       |       |    25 ||    25
Dodge: Dodged            |    32 |    18 |    54 |   104 |   107 ||   315
